 Dungeon Crawl Stone Soup version 0.24-a0-520-g8fd06ad0bc (webtiles) character file.

Game seed: 14695767982480017801

21 Gargoyl the Skirmisher (level 2, -1/26 HPs)
             Began as a Centaur Abyssal Knight on July 26, 2019.
             Was an Initiate of Lugonu.
             Slain by a worm (8 damage)
             ... on level 2 of the Dungeon.
             The game lasted 00:01:13 (1046 turns).

Gargoyl the Skirmisher (Centaur Abyssal Knight)     Turns: 1046, Time: 00:01:14

Health: -1/26      AC:  4    Str: 14    XL:     2   Next: 65%
Magic:  3/3        EV:  9    Int: 11    God:    Lugonu [......]
Gold:   85         SH:  0    Dex:  8    Spells: 1/1 levels left

rFire    . . .     SeeInvis .   a - +1 hand axe
rCold    . . .     Gourm    .   (no shield)
rNeg     . . .     Faith    .   b - +0 leather armour
rPois    .         Spirit   .   (no helmet)
rElec    .         Reflect  .   (no cloak)
rCorr    .         Harm     .   (no gloves)
MR       .....                  (no barding)
Stlth    ..........             (no amulet)
HPRegen  0.08/turn              (no ring)
MPRegen  0.08/turn              (no ring)

@: very quick
A: large, hooves 3, deformed body, speed 2, tough skin 3
a: Renounce Religion


You were on level 2 of the Dungeon.
You worshipped Lugonu.
Lugonu was noncommittal.
You were not hungry.

You visited 1 branch of the dungeon, and saw 2 of its levels.
You visited the Abyss 1 time.

You collected 85 gold pieces.

Inventory:

Hand Weapons
 a - a +1 hand axe (weapon)
Armour
 b - a +0 leather armour (worn)
Scrolls
 f - a scroll of remove curse
Potions
 d - a potion of heal wounds
 e - a potion of magic {unknown}
 h - a potion of curing {unknown}
Comestibles
 c - 5 rations


   Skills:
 + Level 3.3 Fighting
 + Level 2.0 Axes
 * Level 1.6 Armour
 * Level 1.0 Dodging
 * Level 2.2 Invocations


You had one spell level left.
You didn't know any spells.
Your spell library was empty.

Dungeon Overview and Level Annotations

Branches:
Dungeon (2/15)

Altars:


Innate Abilities, Weirdness & Mutations

You have hooves in place of feet.
Armour fits poorly on your strangely shaped body.
You cover ground very quickly.
You have extremely tough skin. (AC +3)


Message History

The worm is moderately wounded.
You hit the worm but do no damage.
The worm is moderately wounded.
The worm bites you.
You hit the worm but do no damage. You kick the worm.
The worm is moderately wounded.
The worm bites you but does no damage.
You barely miss the worm.
The worm is moderately wounded.
The worm bites you!
You hit the worm.
The worm is moderately wounded.
You hit the worm.
The worm is severely wounded.
The worm bites you.
* * * LOW HITPOINT WARNING * * *
You hit the worm.
The worm is severely wounded.
The worm bites you!
You die...

###
############.....
...."....@w......
.........###.#.##
.######..##
........<#
######..## ......
###..### #..#
#..#


You could see a worm.

Vanquished Creatures
  A leopard gecko (D:1)
  A giant cockroach (D:1)
  4 goblins (D:1)
  3 hobgoblins (D:1)
  2 bats (D:1)
  A frilled lizard (D:1)
  5 kobolds (D:1)
  2 rats (D:1)
19 creatures vanquished.

Notes
Turn   | Place    | Note
-------+----------+-------------------------------------------
     0 | Abyss:1  | Gargoyl the Centaur Abyssal Knight began the quest for the
                  | Orb.
     0 | Abyss:1  | Reached XP level 1. HP: 19/19 MP: 2/2
    91 | Abyss:1  | Noticed an ancient zyme
   109 | Abyss:1  | Noticed an apocalypse crab
   119 | Abyss:1  | Noticed an orange demon
   137 | Abyss:1  | Noticed a ynoxinul
   142 | D:1      | Escaped the Abyss
   418 | D:1      | Reached XP level 2. HP: 26/26 MP: 3/3
   825 | D:1      | Reached skill level 1 in Dodging
  1046 | D:2      | Slain by a worm

Levels and vault maps discovered:
D:1:      dpeg_arrival_line_fractal, layout_loops_corners,
          minmay_misc_feat_four_crosses, minivault_14,
          minmay_misc_feat_diagonals
D:2:      layout_basic

Skill      XL: |  1  2 |
---------------+-------+-----
Axes           | 2 |  2.0
Dodging        | 1 |  1.0
Fighting       | |  3.3
Armour         | |  1.6
Invocations    | |  2.2

Action                   || total
-------------------------++-------
Melee: Hand axe          ||    51
       Kick              ||     9
Invok: Depart the Abyss  ||     1
  Use: Potion            ||     1
       Scroll            ||     2
Armor: Leather armour    ||    28
Dodge: Dodged            ||    36

Table legend:
 A = Non-vault XP
 B = Vault XP
 C = Vault XP percentage of total XP
 D = Non-vault monster count
 E = Vault monster count
 F = Vault count percentage of total count
                 A         B        C        D         E       F
            +---------+---------+-------+---------+---------+-------
      Total |      31 |       0 |   0.0 |      19 |       0 |   0.0
            +---------+---------+-------+---------+---------+-------
        D:1 |      31 |       0 |   0.0 |      19 |       0 |   0.0
            +---------+---------+-------+---------+---------+-------
